 Dungeon Crawl Stone Soup version 0.30-a0-50-gb2d611f6b1 (webtiles) character file.

Game seed: 14883078162549987253

1648 Pooter the Cleaver (level 8, -1/71 HPs)
             Began as a Minotaur Berserker on Sept 3, 2022.
             Was an Elder of Trog.
             Slain by a killer bee (6 damage)
             ... on level 7 of the Dungeon on Sept 4, 2022.
             The game lasted 00:27:46 (5706 turns).

Pooter the Cleaver (Minotaur Berserker)             Turns: 5706, Time: 00:27:46

Health: -1/71      AC:  8    Str: 27    XL:     8   Next: 67%
Magic:  7/7        EV:  9    Int:  4    God:    Trog [****..]
Gold:   23         SH:  0    Dex: 16    Spells: 7/7 levels left

rFire   . . .      SeeInvis +    a - +1 war axe
rCold   . . .      Faith    .    (no shield)
rNeg    . . .      Spirit   .    s - +0 chain mail
rPois   .          Reflect  .    (helmet restricted)
rElec   .          Harm     .    (no cloak)
rCorr   .          Rampage  .    (no gloves)
Will    ++...                    (no boots)
Stlth   ..........               g - amulet of regeneration
HPRegen 2.01/turn                q - ring of Ufolotz {Str+3 Dex+6 Slay+5}
MPRegen 0.10/turn                S - ring of see invisible

@: lethally poisoned (-1 -> -1), strong-willed (expiring), on berserk cooldown,
regenerating (expiring), slowed, very slow
A: horns 2, retaliatory headbutt
a: Renounce Religion, Berserk, Trog's Hand, Brothers in Arms


You were on level 7 of the Dungeon.
You worshipped Trog.
Trog was greatly pleased with you.
You visited 1 branch of the dungeon, and saw 7 of its levels.

You collected 257 gold pieces.
You spent 234 gold pieces at shops.

Inventory:

Hand Weapons
 a - a +1 war axe (weapon)
   (You found it on level 4 of the Dungeon)
 b - a +0 shortbow
   (You bought it in a shop on level 4 of the Dungeon)
 x - a +0 trident
   (You took it off an orc on level 3 of the Dungeon)
 G - a +0 morningstar of protection
   (You took it off an orc on level 6 of the Dungeon)
 I - a +0 sling
   (You found it on level 3 of the Dungeon)
 J - a +0 flail of holy wrath
   (You took it off Edmund on level 6 of the Dungeon)
 K - a +4 halberd
   (You took it off a gnoll on level 6 of the Dungeon)
Missiles
 w - 6 boomerangs (quivered)
 B - 3 throwing nets {!f}
 F - 12 poisoned darts
 Q - 99 stones
Armour
 e - a +0 kite shield
   (You found it on level 1 of the Dungeon)
 s - a +0 chain mail (worn)
   (You took it off an orc on level 3 of the Dungeon)
Jewellery
 g - an amulet of regeneration (around neck)
   (You found it on level 1 of the Dungeon)
 q - the ring of Ufolotz (left hand) {Str+3 Dex+6 Slay+5}
   (You found it on level 3 of the Dungeon)

   [ring of dexterity]

   Str:       It affects your strength (+3).
   Dex:       It affects your dexterity (+6).
   Slay:      It affects your accuracy & damage with ranged weapons and melee
   (+5).
 r - a ring of fire
   (You found it on level 3 of the Dungeon)
 y - a ring of flight
   (You found it on level 4 of the Dungeon)
 S - a ring of see invisible (right hand)
   (You found it on level 4 of the Dungeon)
Wands
 f - a wand of flame (11)
   (You took it off Edmund on level 6 of the Dungeon)
 u - a wand of paralysis (7)
   (You found it on level 5 of the Dungeon)
 A - a wand of roots (5)
   (You bought it in a shop on level 4 of the Dungeon)
Scrolls
 c - a scroll of silence
 d - 2 scrolls of butterflies
 i - 3 scrolls of torment {!r}
 k - 2 scrolls of fear
 m - 3 scrolls of blinking
 n - a scroll of magic mapping {unknown}
 o - 2 scrolls of vulnerability {!r}
 t - 2 scrolls of teleportation {@r4}
 v - a scroll of noise {!r}
 E - a scroll of immolation {unknown}
Potions
 h - a potion of heal wounds {@q2}
 j - a potion of attraction {!q}
 l - 4 potions of lignification {!q}
 p - 2 potions of might {unknown}
 z - a potion of brilliance {unknown}
 C - a potion of mutation {unknown}
 D - 2 potions of curing {@q1}
 H - a potion of degeneration {unknown}


   Skills:
 + Level 6.7 Fighting
 * Level 8.8 Axes
 * Level 6.4 Ranged Weapons
 - Level 2.4 Armour
 - Level 2.1 Dodging
 - Level 2.0 Shields
 + Level 3.1 Evocations


You had 7 spell levels left.
You didn't know any spells.
Your spell library was empty.

Dungeon Overview and Level Annotations

Branches:
Dungeon (7/15)
 Temple: D:4-7

Altars:
Cheibriados
Uskayaw
Zin

Shops:
D:4 [*(   D:5 !


Innate Abilities, Weirdness & Mutations

You have a pair of horns on your head.
You reflexively headbutt those who attack you in melee.


Message History

You kill the killer bee!
Trog accepts your kill.
You can now call in reinforcements.
You feel sick.
A killer bee comes into view.
The bullfrog attacks as you move away! The bullfrog hits you.
You feel sick.
You feel a strong urge to attack something.
You feel sick. The bullfrog barely misses you.
You feel your anger nearly subside.
You are no longer berserk.
You are exhausted.
You feel yourself slow down.
The sentinel's mark upon you fades away.
You feel sick. The bullfrog attacks as you move away!
The bullfrog hits you but does no damage.
You feel sick. The bullfrog hits you. The bullfrog attacks as you move away!
The bullfrog hits you.
You feel sick.
The bullfrog hits you but does no damage.
The killer bee stings you.
You are more poisoned.
The killer bee poisons you!
You feel very sick. The killer bee stings you.
* * * LOW HITPOINT WARNING * * *
The bullfrog hits you but does no damage.
You feel sick. The killer bee stings you.
* * * LOW HITPOINT WARNING * * *
You are more poisoned.
The killer bee poisons you! The killer bee stings you.
* * * LOW HITPOINT WARNING * * *
The bullfrog hits you but does no damage.
An orc comes into view.
It is wielding a +0 dagger and carrying a wand of paralysis (13).
The bullfrog attacks as you move away! The bullfrog hits you.
* * * LOW HITPOINT WARNING * * *
You feel very sick. The killer bee completely misses you.
The killer bee closely misses you. The bullfrog closely misses you.
The bullfrog hits you but does no damage.
You feel the effects of Trog's Hand fading.
You feel very sick.
The killer bee stings you but does no damage.
The killer bee completely misses you. The bullfrog hits you!
* * * LOW HITPOINT WARNING * * *
An orc warrior comes into view. It is wielding a +0 trident.
The killer bee closely misses you. The killer bee stings you!
* * * LOW HITPOINT WARNING * * *
There is a stone staircase leading up, spattered with blood here.
Things that are here:
a +4 halberd of freezing; a gnoll corpse You feel sick.
The killer bee misses you. The killer bee stings you.
You die...

#......# #....o.#
..#......#
#...o....########
###......##.....#
.........#..#####
###......#.####
##....yF..).#
###.Yy@....#
#........#
#........#
##########


You could see an orc warrior, an ice beast, a bullfrog, 2 killer bees and an
orc.

Vanquished Creatures
  Edmund (D:6)
  2 ice beasts
  A sky beast (D:6)
  A centaur (D:6)
  A kobold brigand (D:6)
  Blork the orc (D:6)
  A gnoll sergeant (D:6)
  A necrophage (D:6)
  3 scorpions
  3 killer bees (D:7)
  2 hounds
  2 jellies
  6 iguanas
  3 orc wizards
  7 gnolls
  6 adders
  2 ufetubi
  3 dart slugs
  20 orcs
  7 endoplasms
  5 giant cockroaches
  9 goblins
  11 hobgoblins
  6 jackals
  A quokka (D:5)
  8 ball pythons
  5 bats
  A frilled lizard (D:1)
  18 kobolds
  9 rats
146 creatures vanquished.

Vanquished Creatures (others)
  6 plants
6 creatures vanquished.

Grand Total: 152 creatures vanquished

Notes
Turn   | Place    | Note
-------+----------+-------------------------------------------
     0 | D:1      | Pooter the Minotaur Berserker began the quest for the Orb.
     0 | D:1      | Reached XP level 1. HP: 19/19 MP: 0/0
   100 | D:1      | Reached skill level 4 in Axes
   361 | D:1      | Reached XP level 2. HP: 15/27 MP: 1/1
  1014 | D:2      | Found a faded altar of an unknown god.
  1506 | D:2      | Reached XP level 3. HP: 31/31 MP: 2/2
  1999 | D:3      | Reached ** piety under Trog
  2017 | D:3      | Identified the ring of Ufolotz {Str+3 Dex+6 Slay+5}
  2145 | D:3      | Reached skill level 5 in Axes
  2511 | D:4      | Noticed a +0 short sword
  2511 | D:4      | Noticed a +0 falchion
  2511 | D:4      | Noticed a +0 dagger
  2511 | D:4      | Noticed a +0 dagger
  2511 | D:4      | Noticed a +0 spear
  2511 | D:4      | Noticed a +0 spear
  2511 | D:4      | Noticed a +0 short sword
  2511 | D:4      | Noticed a +0 falchion
  2511 | D:4      | Found a hide-covered altar of Uskayaw.
  2597 | D:4      | Reached XP level 4. HP: 41/41 MP: 3/3
  2697 | D:4      | Reached skill level 1 in Ranged Weapons
  2728 | D:4      | Reached *** piety under Trog
  2730 | D:4      | Reached skill level 1 in Shields
  2838 | D:4      | Found Cutuw's Weapon Emporium.
  2844 | D:4      | Reached XP level 5. HP: 47/47 MP: 4/4
  2845 | D:4      | Bought a +0 shortbow for 39 gold pieces
  3018 | D:4      | Reached skill level 6 in Axes
  3046 | D:4      | Found Zitan's Armour Shoppe.
  3130 | D:4      | Found Deudo's Assorted Antiques.
  3144 | D:4      | Bought a fluorescent wand for 108 gold pieces
  3332 | D:4      | Found a snail-covered altar of Cheibriados.
  3582 | D:4      | Found a glowing silver altar of Zin.
  3622 | D:5      | Entered Level 5 of the Dungeon
  3639 | D:5      | Reached XP level 6. HP: 55/55 MP: 5/5
  3680 | D:5      | Reached skill level 5 in Fighting
  3699 | D:5      | Found Ydaurgh's Distillery.
  3708 | D:5      | Bought a potion of curing for 33 gold pieces
  3718 | D:5      | Noticed an ice beast
  3734 | D:5      | Killed an ice beast
  3773 | D:5      | Reached skill level 1 in Evocations
  4329 | D:5      | Reached XP level 7. HP: 61/61 MP: 6/6
  4333 | D:5      | Reached **** piety under Trog
  4494 | D:6      | Reached skill level 7 in Axes
  4561 | D:6      | Identified the +4 hand axe "Ukoesuod" {drain, *Slow Dex+6}
  4726 | D:6      | Reached skill level 5 in Ranged Weapons
  4732 | D:6      | Reached XP level 8. HP: 49/70 MP: 7/7
  4763 | D:6      | Noticed Edmund
  4768 | D:6      | Killed Edmund
  4769 | D:6      | Reached skill level 8 in Axes
  4930 | D:4      | Bought 2 scrolls labelled FELEDGHOSEY for 54 gold pieces
  4982 | D:6      | Noticed Blork the orc
  4990 | D:6      | Killed Blork the orc
  5706 | D:7      | Slain by a killer bee

Illustrated notes

Levels and vault maps discovered:
D:1:      minmay_arrival_glassed_features, layout_basic, minmay_heptomino_h4
D:2:      kb_forest_paths, layout_basic, hellmonk_ecumenical_altar_heavens_door
D:3:      layout_rooms, dk_noncrumbling_2
D:4:      corexii_shantytown, layout_basic, nicolae_uskayaw_en_pointe,
          zin_treasury, kennysheep_mini_moat, serial_shops, shop, shop_statue,
          nicolae_inconvenience_store
D:5:      layout_basic, nicolae_stop_n_shop_1
D:6:      layout_basic, serial_glass, glass_columns_b, glass_columns_a,
          glass_columns_a, glass_columns_a, glass_columns_c, glass_columns_a,
          glass_columns_a, glass_columns_a, glass_columns_a, glass_columns_b,
          lexackson_kobold_supper, uniq_edmund, uniq_blork_the_orc
D:7:      layout_rooms, mainiacjoe_overflow_six_doors_small,
          minmay_temple_entry_from_below_a

Skill      XL: |  1  2  3  4  5  6  7  8 |
---------------+-------------------------+-----
Axes           | 4 5 6 7 8 |  8.8
Fighting       | 4 5 6 |  6.7
Ranged Weapons | 1 2 3 5 6 |  6.4
Shields        | 1 2 |  2.0
Evocations     | 1 2 3 |  3.1
Armour         | |  2.4
Dodging        | |  2.1

Action                   |  1- 3 |  4- 6 |  7- 9 || total
-------------------------+-------+-------+-------++-------
Melee: Hand axe          |    79 |       |       ||    79
       Headbutt          |     9 |     9 |    13 ||    31
       Trident           |    17 |    22 |       ||    39
       War axe           |       |    36 |    61 ||    97
       Punch             |       |       |     2 ||     2
 Fire: Shortbow          |       |    51 |    32 ||    83
Throw: Dart              |       |     3 |       ||     3
       Boomerang         |       |       |     5 ||     5
Invok: Trog's Hand       |       |       |     3 ||     3
       Berserk           |       |       |     3 ||     3
Evoke: Wand              |       |     1 |     1 ||     2
  Use: Scroll            |     8 |     3 |     3 ||    14
 Stab: Paralysed         |       |     2 |       ||     2
Armor: Animal skin       |    14 |       |       ||    14
       Chain mail        |     8 |    33 |    28 ||    69
Dodge: Dodged            |    43 |    41 |    34 ||   118
Block: Kite shield       |    16 |     6 |       ||    22

Table legend: (Time is in decaauts)
 A = Elapsed time spent in this place.
 B = Non-inter-level travel time spent in this place.
 C = Inter-level travel time spent in this place.
 D = Time resting spent in this place.
 E = Time spent auto-exploring this place.
 F = Levels seen in this place.
 G = Mean time per level.
                   A        B        C        D        E       F      G
               +--------+--------+--------+--------+--------+-----+--------+
         Total |   5798 |   5335 |    463 |    283 |   4040 |   7 |  828.3 |
       Dungeon |   5798 |   5335 |    463 |    283 |   4040 |   7 |  828.3 |
               +--------+--------+--------+--------+--------+-----+--------+

Top non-repeatable levels by time:
     D:4: 1203 daAuts
     D:2: 1138 daAuts
     D:6: 1123 daAuts
     D:5: 859 daAuts
     D:1: 798 daAuts
     D:3: 592 daAuts
     D:7: 82 daAuts
